 Dungeon Crawl Stone Soup version 0.31.0-32-g396128a36d (webtiles) character file.

Game seed: 8277906643140731246

37 Killerpretzel the Changeling (level 3, -8/23 HPs)
             Began as an Octopode Shapeshifter on Mar 8, 2024.
             Killed from afar by Natasha (10 damage)
             ... with a magic dart
             ... on level 3 of the Dungeon.
             The game lasted 00:01:26 (1694 turns).

Killerpretzel the Changeling (OpSh)                 Turns: 1694, Time: 00:01:27

Health: -8/23      AC:  1    Str: 13    XL:     3   Next: 41%
Magic:  3/3        EV: 13    Int: 12    God:
Gold:   84         SH:  0    Dex: 13    Spells: 2/2 levels left

rFire   . .          .
                       - Unarmed
rCold   . . .        (no shield)
rNeg    . . .        (helmet currently unavailable)
rPois   .            (no amulet)
rElec   .            h - ring of wizardry
rCorr   .            (no ring)
SInv    .            (no ring)
Will    .....        (no ring)
Stlth   ++           (no ring)
HPRegen 0.23/turn    (no ring)
MPRegen 0.08/turn    (no ring)
                     (no ring)

%: wizardry (x1)
@: beast-form, slowed, very slow
A: beast (slay +2), almost no armour, amphibious, 8 rings, camouflage 1,
gelatinous body 1, (nimble swimmer 1), tentacles
a: Begin Untransformation


You were on level 3 of the Dungeon.
You were a hulking beast.
You visited 1 branch of the dungeon, and saw 3 of its levels.

You collected 84 gold pieces.

Inventory:

Hand Weapons
 l - the +4 dagger of Dissent {spect, *Slow rC+ Int+4}
   (You found it on level 2 of the Dungeon)

   Int+4:     It affects your intelligence (+4).
   rC+:       It protects you from cold.
   *Slow:     It may slow you when you take damage.
Missiles
 r - 9 stones (quivered)
Jewellery
 h - a ring of wizardry (left tentacle)
Talismans
 b - a beast talisman
 c - a flux talisman
Scrolls
 j - a scroll of fog
 m - a scroll of vulnerability
Potions
 a - 2 potions of lignification
 e - a potion of degeneration
 g - a potion of haste
 i - a potion of resistance {unknown}
 k - a potion of might {unknown}
 n - a potion of curing {unknown}
 p - a potion of berserk rage {unknown}


   Skills:
 + Level 1.6 Fighting
 + Level 2.4 Dodging
 + Level 3.3 Unarmed Combat
 * Level 3.5 Shapeshifting


You had 2 spell levels left.
You didn't know any spells.
Your spell library was empty.

Dungeon Overview and Level Annotations

Branches:
Dungeon (3/15)

Altars:
Makhleb

Annotations:
D:3 Natasha, Sigmund


Innate Abilities, Weirdness & Mutations

You are a hulking beast.
Your limbs bulge with bestial killing power. (Slay +2)
You cannot wear most types of armour.
You are amphibious.
You can wear up to eight rings at the same time.
Your skin changes colour to match your surroundings (Stealth+).
Your rubbery body absorbs attacks. (AC +1, EV +1)
((You are camouflaged when in or above water. (Stealth+)))
You have tentacles for arms and can constrict up to eight enemies at once.


Message History

You barely miss the rat. You grab the rat. You squeeze the rat.
You kill the rat!
You throw a stone.
The stone hits Natasha but does no damage.
Sigmund the Dreaded comes into view.
He is wielding a +0 scythe and wearing a +1 robe of fire resistance.
There are monsters nearby!
You throw a stone.
Sigmund shouts!
The stone hits Sigmund but does no damage.
You hear a shout!
You tentacle-slap Natasha but do no damage.
Your grab misses Natasha. Natasha misses you. Sigmund misses you.
You tentacle-slap Natasha. Your grab misses Natasha. You squeeze Natasha.
Natasha is moderately wounded.
Natasha claws you.
There are monsters nearby!
You tentacle-slap Natasha. Your grab misses Natasha.
Natasha is moderately wounded.
Sigmund hits you from afar with a +0 scythe.
Natasha casts a spell at you.
You feel yourself slow down.
A goblin comes into view. It is wielding a +0 club.
You feel your willpower return.
The goblin shouts!
Sigmund hits you with a +0 scythe. Natasha attacks as she pursues you!
Natasha closely misses you.
The goblin moves out of view.
You see here a rat corpse.
You tentacle-slap Sigmund but do no damage.
You grab Sigmund. You squeeze Sigmund.
Sigmund is lightly wounded.
You constrict Sigmund, but do no damage.
Natasha claws you. Sigmund closely misses you. Natasha claws you!
* * * LOW HITPOINT WARNING * * *
You tentacle-slap Sigmund. You squeeze Sigmund.
Sigmund is moderately wounded.
You constrict Sigmund, but do no damage.
Natasha stares at you and mumbles some strange words.
The magic dart hits you!
You die...
Natasha curls up and begins to purr.

## ##.
#..####
#...#.#
#..hh.#
#.###@#
.. ...
..#
.### ..
## .


You could see Sigmund and Natasha.

Vanquished Creatures
  An adder (D:2)
  2 bats
  4 endoplasms
  A giant cockroach (D:2)
  2 goblins
  2 hobgoblins
  2 jackals (D:2)
  A quokka (D:2)
  3 ball pythons
  A frilled lizard (D:2)
  3 kobolds
  4 rats
26 creatures vanquished.

Notes
Turn   | Place    | Note
-------+----------+-------------------------------------------
     0 | D:1      | Killerpretzel the Octopode Shapeshifter began the quest for
                  | the Orb.
     0 | D:1      | Reached XP level 1. HP: 13/13 MP: 1/1
   419 | D:1      | Reached XP level 2. HP: 18/18 MP: 2/2
  1181 | D:2      | Identified the +4 dagger of Dissent {spect, *Slow rC+
                  | Int+4}
  1349 | D:2      | Reached XP level 3. HP: 20/23 MP: 3/3
  1460 | D:2      | Found a burning altar of Makhleb.
  1684 | D:3      | Noticed Natasha
  1687 | D:3      | Noticed Sigmund
  1694 | D:3      | Killed from afar by Natasha

Illustrated notes

Levels and vault maps discovered:
D:1:      amcnicky_arrival_blooded_trapdoor, layout_loops_corners, st_stairs_13,
          kennysheep_flooded_box, serial_bayou_ford_a
D:2:      layout_basic, basic_altar, grunt_decor_fettered,
          serial_park_tiny_pond, nicolae_titane
D:3:      kennysheep_goblin_castle, layout_basic, mainiacjoe_overflow_brackets,
          nicolae_ru_great_annihilating_truth, uniq_natasha, uniq_sigmund

Action                     || total
---------------------------++-------
  Melee: Unarmed           ||    49
         Constrict         ||    11
         Tentacles         ||    11
         Punch             ||     1
  Throw: Stone             ||    27
    Use: Scroll            ||     8
   Stab: Sleeping          ||     4
 Armour: Skin              ||    16
  Dodge: Dodged            ||    26
